 Dungeon Crawl Stone Soup version 0.29-a0-298-g3c90f9a769 (webtiles) character file.

Game seed: 8355636587613560858

54 Dabor the Stinger (level 3, -1/19 HPs)
             Began as a Deep Elf Venom Mage on Mar 23, 2022.
             Slain by a black bear (5 damage)
             ... created by the rage of Trog
             ... on level 3 of the Dungeon.
             The game lasted 00:02:17 (2437 turns).

Dabor the Stinger (Deep Elf Venom Mage)             Turns: 2437, Time: 00:02:18

Health: -1/19      AC:  4    Str:  5    XL:     3   Next: 66%
Magic:  10/10      EV: 13    Int: 21    God:
Gold:   81         SH:  0    Dex: 15    Spells: 6/9 levels left

rFire   . . .      SeeInvis .   i - +4 dagger
rCold   . . .      Faith    .   (no shield)
rNeg    . . .      Spirit   .   a - +0 robe
rPois   .          Reflect  .   (no helmet)
rElec   .          Harm     .   (no cloak)
rCorr   .          Rampage  .   e - +1 pair of gloves
Will    .....                   (no boots)
Stlth   ++........              (no amulet)
HPRegen 0.06/turn               (no ring)
MPRegen 0.12/turn               (no ring)

@: no status effects
A: no striking features
a: no special abilities


You were on level 3 of the Dungeon.
You visited 1 branch of the dungeon, and saw 3 of its levels.

You collected 81 gold pieces.

Inventory:

Hand Weapons
 i - a +4 dagger (weapon)
Missiles
 f - a throwing net
Armour
 a - a +0 robe (worn)
 e - a +1 pair of gloves (worn)
Scrolls
 c - a scroll of blinking
 l - a scroll of magic mapping {unknown}
Potions
 b - 2 potions of magic
 g - a potion of berserk rage {unknown}
 j - a potion of heal wounds {unknown}


   Skills:
 + Level 3.1 Dodging
 + Level 3.3 Stealth
 - Level 3.6 Spellcasting
 - Level 1.9 Transmutations
 - Level 3.7 Poison Magic


You had 6 spell levels left.
You knew the following spells:

 Your Spells              Type           Power      Damage    Failure   Level
a - Sting                 Tmut/Pois      60%        1d6       4%          1
b - Poisonous Vapours     Pois/Air       22%        N/A       9%          2

Your spell library contained the following spells:

 Spells                   Type           Power      Damage    Failure   Level
 Mephitic Cloud           Conj/Pois/Air  8%         N/A       22%         3
 Olgreb's Toxic Radiance  Pois           19%        N/A       26%         4


Dungeon Overview and Level Annotations

Branches:
Dungeon (3/15)

Altars:
Trog


Message History

The endoplasm is moderately wounded.
The endoplasm misses you.
The sting hits the endoplasm.
The endoplasm looks even sicker.
The endoplasm is moderately wounded.
The endoplasm freezes you.
You are frozen.
The sting hits the endoplasm but does no damage.
The endoplasm looks as sick as possible!
The endoplasm is almost dead.
You kill the endoplasm!
You can't see any susceptible monsters within range! (Use Z to cast anyway.)
You can't see any susceptible monsters within range! (Use Z to cast anyway.) HP restored.
Trog sends monsters to punish you.
A polar bear and 3 black bears come into view.
There are monsters nearby!
There are monsters nearby!
There are monsters nearby!
Okay, then.
As you read the scroll labelled IBLICV JULOYLL, it crumbles to dust.
The creatures around you are filled with an inner flame!
It was a scroll of immolation.
As you read the scroll labelled NEUWIMM KUIW, it crumbles to dust.
It is a scroll of identify.
c - a scroll of blinking The black bear bites you.
The black bear claws you but does no damage.
The black bear barely misses you. x2
The black bear claws you but does no damage.
The black bear claws you.
As you read the scroll labelled UDGHOM MEURERPHYDD, it crumbles to dust.
It is a scroll of enchant armour.
Your +0 pair of gloves glows green for a moment.
The polar bear bites you!
* * * LOW HITPOINT WARNING * * *
The polar bear barely misses you. x2
The black bear bites you but does no damage.
The black bear claws you but does no damage.
The black bear claws you.
You die...

..# ..## ...# ...#
...# ..## ..######
######### ........
......hh# #.######
#@# #.# #h# #.#
#h# #.# #.#
#.######### #.#
..#.......# #.#
###<......# #.# #
#.......######.#
###..............#


You could see a polar bear (berserk, inner flame) and 3 black bears.

Vanquished Creatures
  An adder (D:2)
  A worm (D:2)
  2 dart slugs
  4 ball pythons
  4 endoplasms
  4 goblins
  4 hobgoblins
  3 kobolds
  2 quokkas
  3 bats
  2 frilled lizards (D:1)
  4 rats
34 creatures vanquished.

Notes
Turn   | Place    | Note
-------+----------+-------------------------------------------
     0 | D:1      | Dabor the Deep Elf Venom Mage began the quest for the Orb.
     0 | D:1      | Reached XP level 1. HP: 10/10 MP: 6/6
   282 | D:1      | Reached XP level 2. HP: 6/15 MP: 5/8
  1559 | D:2      | Reached XP level 3. HP: 16/19 MP: 3/9
  1602 | D:2      | Learned a level 2 spell: Poisonous Vapours
  2208 | D:2      | Found a faded altar of an unknown god.
  2264 | D:2      | Prayed at the altar of an unknown god.
  2264 | D:2      | Became a worshipper of Trog the Wrathful
  2264 | D:2      | Reached * piety under Trog
  2265 | D:2      | Fell from the grace of Trog
  2435 | D:3      | Noticed a black bear
  2435 | D:3      | Noticed a black bear
  2435 | D:3      | Noticed a polar bear
  2435 | D:3      | Noticed a black bear
  2437 | D:3      | Slain by a black bear

Illustrated notes

Levels and vault maps discovered:
D:1:      sevenhm_arrival_forest_fort_large_4, layout_loops_ring,
          minmay_misc_feat_ornament, grunt_decor_arrowhead
D:2:      layout_rooms, shapermc_ecumenical_altar_flowoftime, minmay_liquid_box
D:3:      layout_loops_ring

Skill      XL: |  1  2  3 |
---------------+----------+-----
Stealth        | 3 |  3.3
Dodging        | 3 |  3.1
Spellcasting   | |  3.6
Transmutations | |  1.9
Poison Magic   | |  3.7

Action                   || total
-------------------------++-------
Melee: Unarmed           ||     6
       Dagger            ||     4
 Cast: Sting             ||    74
Invok: Renounce Religion ||     1
  Use: Potion            ||     1
       Scroll            ||     3
Armor: Robe              ||     9
Dodge: Dodged            ||    29

Table legend: (Time is in decaauts)
 A = Elapsed time spent in this place.
 B = Non-inter-level travel time spent in this place.
 C = Inter-level travel time spent in this place.
 D = Time resting spent in this place.
 E = Time spent auto-exploring this place.
 F = Levels seen in this place.
 G = Mean time per level.
                   A        B        C        D        E       F      G
               +--------+--------+--------+--------+--------+-----+--------+
         Total |   2440 |   2311 |    129 |      0 |   2044 |   3 |  813.3 |
       Dungeon |   2440 |   2311 |    129 |      0 |   2044 |   3 |  813.3 |
               +--------+--------+--------+--------+--------+-----+--------+

Top non-repeatable levels by time:
     D:1: 1419 daAuts
     D:2: 879 daAuts
     D:3: 142 daAuts
